 Dungeon Crawl Stone Soup version 0.29.0-4-gdea44cf6ec (webtiles) character file.

Game seed: 7738729273224414792

714 qw the Cleaver (level 7, 0/41 HPs)
             Began as a Tengu Warper on Aug 28, 2022.
             Slain by a scorpion (2 damage)
             ... on level 5 of the Dungeon.
             The game lasted 00:00:27 (5077 turns).

qw the Cleaver (Tengu Warper)                       Turns: 5077, Time: 00:00:28

Health: 0/41       AC:  5    Str: 13    XL:     7   Next: 69%
Magic:  11/11      EV: 13    Int: 13    God:
Gold:   304        SH:  0    Dex: 14    Spells: 10/10 levels left

rFire   . . .      SeeInvis .   Y - +0 war axe
rCold   . . .      Faith    .   (no shield)
rNeg    . . .      Spirit   .   a - +0 ring mail
rPois   .          Reflect  .   (helmet restricted)
rElec   .          Harm     .   (no cloak)
rCorr   .          Rampage  .   (no gloves)
Will    .....                   (boots unavailable)
Stlth   +.........              (no amulet)
HPRegen 0.13/turn               (no ring)
MPRegen 0.12/turn               (no ring)

@: lethally poisoned (0 -> -7), about to teleport, flying quickly and evasively,
quick
A: beak, talons 3, nimble flight
a: no special abilities


You were on level 5 of the Dungeon.
You visited 1 branch of the dungeon, and saw 5 of its levels.

You collected 304 gold pieces.


Innate Abilities, Weirdness & Mutations

You have a beak for a mouth.
You have claws for feet.
Your magical nature lets you fly swiftly and evasively.


   Skills:
 - Level 3.4 Fighting
 + Level 8.4 Axes
 - Level 1.0 Throwing
 - Level 1.1 Armour
 - Level 3.1 Dodging
 - Level 2.0 Spellcasting
 - Level 2.4 Translocations


You had 10 spell levels left.
You didn't know any spells.
Your spell library contained the following spells:

 Spells                   Type           Power      Damage    Failure   Level
 Blink                    Tloc           14%        N/A       30%         2
 Gell's Gravitas          Tloc           7%         N/A       52%         3
 Lesser Beckoning         Tloc           7%         N/A       52%         3
 Teleport Other           Tloc           7%         N/A       52%         3
 Manifold Assault         Tloc           7%         N/A       99%         5

Inventory:

Hand Weapons
 j - a -2 eveningstar
 Y - a +0 war axe (weapon)
Armour
 a - a +0 ring mail (worn)
Scrolls
 b - a scroll of silence {unknown}
 e - a scroll of identify
Potions
 d - 2 potions of heal wounds
 f - a potion of might {unknown}
 g - a potion of resistance {unknown}
 i - a potion of haste {unknown}

Dungeon Overview and Level Annotations

Branches:
Dungeon (5/15)
 Temple: D:4-7

Altars:
Nemelex Xobeh
Vehumet

Shops:
D:2 :


Message History

You slash the scorpion! You hit the fungus.
You feel very sick. The scorpion closely misses you. x2
You closely miss the scorpion.
You claw the scorpion, but do no damage.
Your peck misses the scorpion.
The scorpion is heavily wounded.
You completely miss the fungus. You closely miss the scorpion.
You feel sick.
A nearby fungus withers and dies.
The scorpion completely misses you. x2
You barely miss the scorpion. Your kick misses the scorpion.
Your peck misses the scorpion.
The scorpion is heavily wounded.
You hit the scorpion.
You feel sick. The scorpion misses you. The scorpion stings you.
You are more poisoned.
The scorpion poisons you!
The scorpion stings you but does no damage.
The scorpion barely misses you.
You hit the scorpion but do no damage. Your kick misses the scorpion.
You peck the scorpion, but do no damage.
The scorpion is severely wounded.
You hit the scorpion but do no damage.
You feel very sick. The scorpion misses you. The scorpion stings you.
You closely miss the scorpion. You claw the scorpion.
The scorpion is almost dead.
You hit the scorpion but do no damage.
You feel very sick. The scorpion stings you. The scorpion closely misses you.
You hit the scorpion.
You kill the scorpion!
You hit the scorpion.
You feel very sick. The scorpion stings you.
5077 ||| READING scroll of teleportation.
As you read the scroll of teleportation, it crumbles to dust.
You feel strangely unstable.
You feel sick. The scorpion stings you.
You die...

#.#.#..# #P..^P..##........~~.~~
.......# #.....^)#..#....>.~...~
. ...... ####^...##.##.....~.8.~
...#...###^......## ##.........
... #...#....# #.#..#.#.# #..#
#)..#...^## ##..##.... ##...
###)##.#%%###.......#. ##...
#..)#..##..##..##.#.#. ...
#####@####.#...#..#### ##.#
#P.s%#..#^##......#.. #..#
#..#?###.#^.#......... ###..# ##
#. #..##...###.##.. #....###
#########..###.##..##.. #......#
#...........#.####....#
#..#.#.###.............###.##...
#...............#......##...##..
#..#.#.......##.#......#........


You could see a scorpion.

Vanquished Creatures
  An ogre (D:2)
  2 phantoms (D:5)
  2 scorpions (D:5)
  A necrophage (D:5)
  A jelly (D:5)
  An iguana (D:5)
  Natasha (twice) (D:3)
  4 gnolls (D:3)
  7 adders
  A shadow imp (D:3)
  An ufetubus (D:3)
  A dart slug (D:1)
  An orc (D:3)
  7 ball pythons
  14 bats
  5 endoplasms
  3 giant cockroaches
  4 goblins
  7 hobgoblins
  5 jackals (D:2)
  7 quokkas
  6 kobolds
  3 rats
86 creatures vanquished.

Vanquished Creatures (others)
  9 fungi (D:5)
  23 plants (D:3)
32 creatures vanquished.

Grand Total: 118 creatures vanquished

Notes
Turn   | Place    | Note
-------+----------+-------------------------------------------
     0 | D:1      | qw the Tengu Warper began the quest for the Orb.
     0 | D:1      | Reached XP level 1. HP: 12/12 MP: 4/4
     0 | D:1      | 0 ||| qw: Version: 0.1-a-89-g26bdef1
     0 | D:1      | 0 ||| qw: Game counter: 1903
     0 | D:1      | 0 ||| qw: Always use a shield: true
     0 | D:1      | 0 ||| qw: God list: Okawaru
     0 | D:1      | 0 ||| qw: Allow faded altars: false
     0 | D:1      | 0 ||| qw: Do Orc after D:15 true
     0 | D:1      | 0 ||| qw: Do second Lair branch before Depths: true
     0 | D:1      | 0 ||| qw: Lair rune preference: random
     0 | D:1      | 0 ||| qw: Plans: Normal
     0 | D:1      | 0 ||| PLANNING D:1-11
   147 | D:1      | Reached skill level 3 in Axes
   147 | D:1      | Reached XP level 2. HP: 17/17 MP: 6/6
   209 | D:1      | 209 ||| Stepping ~*~*~tactically~*~*~ (stealth).
   340 | D:1      | 340 ||| Stepping ~*~*~tactically~*~*~ (stealth).
   522 | D:1      | Found a faded altar of an unknown god.
   700 | D:1      | 700 ||| READING scroll labelled JAH REAWNEYBO.
   701 | D:1      | 701 ||| READING 2 scrolls labelled JOUCOTHRU FEUNN.
   702 | D:1      | 702 ||| READING scroll labelled ADAUBU PIAR.
   703 | D:1      | 703 ||| READING scroll labelled YPLIANG EHOV.
   707 | D:1      | 707 ||| READING scroll labelled PEREYBR LIFYERATRE.
   708 | D:1      | 708 ||| READING scroll labelled SORHEM POUHIPO.
   836 | D:1      | 836 ||| DROPPING scroll of blinking.
   932 | D:2      | Found Xyid's Book Shoppe.
   940 | D:2      | Reached XP level 3. HP: 18/21 MP: 7/7
  1004 | D:2      | 1004 ||| SWAPPING to +0 war axe.
  1013 | D:2      | 1013 ||| DROPPING +0 hand axe.
  1305 | D:2      | Noticed an ogre
  1306 | D:2      | 1306 ||| Stepping ~*~*~tactically~*~*~ (stealth).
  1317 | D:2      | Killed an ogre
  1318 | D:2      | Reached skill level 5 in Axes
  1318 | D:2      | Reached XP level 4. HP: 26/26 MP: 8/8
  1343 | D:2      | Gained mutation: Your magical nature lets you fly swiftly
                  | and evasively. [Tengu growth]
  1343 | D:2      | Reached XP level 5. HP: 30/30 MP: 9/9
  1435 | D:2      | 1435 ||| Stepping ~*~*~tactically~*~*~ (stealth).
  1697 | D:2      | 1697 ||| Stepping ~*~*~tactically~*~*~ (stealth).
  1699 | D:2      | 1699 ||| Stepping ~*~*~tactically~*~*~ (stealth).
  1700 | D:2      | 1700 ||| Stepping ~*~*~tactically~*~*~ (stealth).
  1737 | D:2      | 1737 ||| READING scroll labelled EZEW KIXEKH.
  1738 | D:2      | 1738 ||| READING scroll labelled IZAENO VYRODUL.
  1739 | D:2      | 1739 ||| DRINKING 2 sedimented white potions.
  1740 | D:2      | 1740 ||| READING 2 scrolls of identify.
  1740 | D:2      | 1740 ||| IDENTIFYING inky potion
  1741 | D:2      | 1741 ||| DROPPING potion of magic.
  1956 | D:3      | 1956 ||| Stepping ~*~*~tactically~*~*~ (hiding).
  1957 | D:3      | 1957 ||| Stepping ~*~*~tactically~*~*~ (hiding).
  1961 | D:3      | 1961 ||| Stepping ~*~*~tactically~*~*~ (hiding).
  1966 | D:3      | Reached skill level 6 in Axes
  1996 | D:3      | 1996 ||| Stepping ~*~*~tactically~*~*~ (stealth).
  1997 | D:3      | 1997 ||| Stepping ~*~*~tactically~*~*~ (stealth).
  1998 | D:3      | 1998 ||| Stepping ~*~*~tactically~*~*~ (stealth).
  2010 | D:3      | 2010 ||| Stepping ~*~*~tactically~*~*~ (stealth).
  2118 | D:3      | 2118 ||| Stepping ~*~*~tactically~*~*~ (stealth).
  2119 | D:3      | 2119 ||| Stepping ~*~*~tactically~*~*~ (stealth).
  2121 | D:3      | 2121 ||| Stepping ~*~*~tactically~*~*~ (stealth).
  2123 | D:3      | 2123 ||| Stepping ~*~*~tactically~*~*~ (stealth).
  2125 | D:3      | 2125 ||| Stepping ~*~*~tactically~*~*~ (stealth).
  2127 | D:3      | 2127 ||| Stepping ~*~*~tactically~*~*~ (stealth).
  2341 | D:3      | 2341 ||| Stepping ~*~*~tactically~*~*~ (stealth).
  2356 | D:3      | 2356 ||| Stepping ~*~*~tactically~*~*~ (stealth).
  2358 | D:3      | 2358 ||| Stepping ~*~*~tactically~*~*~ (stealth).
  2651 | D:3      | Found a sparkling altar of Nemelex Xobeh.
  2657 | D:3      | 2657 ||| DROPPING +0 whip.
  2756 | D:3      | Noticed Natasha
  2757 | D:3      | 2757 ||| FLEEEEING.
  2765 | D:3      | 2765 ||| FLEEEEING.
  2769 | D:3      | Killed Natasha
  2770 | D:3      | Reached XP level 6. HP: 20/35 MP: 10/10
  2774 | D:3      | 2774 ||| STAIRDANCE
  2898 | D:2      | 2898 ||| UPGRADING to +0 ring mail.
  2908 | D:2      | 2908 ||| DROPPING +0 leather armour.
  2913 | D:3      | Noticed Natasha
  2914 | D:3      | 2914 ||| Stepping ~*~*~tactically~*~*~ (hiding).
  2920 | D:3      | 2920 ||| Stepping ~*~*~tactically~*~*~ (hiding).
  2926 | D:3      | Killed Natasha
  3591 | D:4      | Reached skill level 7 in Axes
  4154 | D:4      | 4154 ||| READING scroll labelled OMICES RUQ WOU.
  4155 | D:4      | 4155 ||| DRINKING 2 bubbling golden potions.
  4156 | D:4      | 4156 ||| DRINKING 2 fizzy orange potions.
  4157 | D:4      | 4157 ||| DROPPING potion of attraction.
  4158 | D:4      | 4158 ||| DROPPING potion of invisibility.
  4184 | D:5      | Entered Level 5 of the Dungeon
  4274 | D:5      | Reached skill level 3 in Fighting
  4293 | D:5      | Found a radiant altar of Vehumet.
  4325 | D:5      | Reached XP level 7. HP: 37/41 MP: 11/11
  4597 | D:5      | HP: 10/41 [acid (11)]
  4598 | D:5      | 4598 ||| READING 2 scrolls of teleportation.
  4599 | D:5      | 4599 ||| DRINKING 3 potions of heal wounds.
  4601 | D:5      | Reached skill level 8 in Axes
  4769 | D:5      | Reached skill level 3 in Dodging
  5053 | D:5      | 5053 ||| DROPPING +0 flail.
  5076 | D:5      | HP: 9/41 [poisoned by a scorpion]
  5076 | D:5      | HP: 4/41 [scorpion (5)]
  5077 | D:5      | 5077 ||| READING scroll of teleportation.
  5077 | D:5      | Slain by a scorpion

Levels and vault maps discovered:
D:1:      saegor_arrival_simple_c, layout_rooms, ebering_ecumenical_altar_box
D:2:      layout_basic, serial_shops, shop
D:3:      layout_basic, lemuel_coloured_pillars_altar, serial_bayou,
          serial_bayou_lagoon_a, serial_bayou_lagoon_b, serial_bayou_crossing,
          serial_bayou_ford_a, serial_bayou_lake_a, uniq_natasha
D:4:      nicolae_cairo_tiling_large, layout_cave_pools
D:5:      old_forge, layout_cave_pools, mainiacjoe_overflow_catwalk,
          serial_glass, glass_columns_a, glass_columns_b

Skill      XL: |  1  2  3  4  5  6  7 |
---------------+----------------------+-----
Axes           | 3 5 6 7 8 |  8.4
Fighting       | 3 |  3.4
Dodging        | 3 |  3.1
Throwing       | |  1.0
Armour         | |  1.1
Spellcasting   | |  2.0
Translocations | |  2.4

Action                   |  1- 3 |  4- 6 |  7- 9 || total
-------------------------+-------+-------+-------++-------
Melee: Hand axe          |    41 |       |       ||    41
       Peck              |     6 |    20 |     5 ||    31
       Kick              |     5 |    35 |    11 ||    51
       Punch             |     1 |       |     1 ||     2
       War axe           |    15 |   137 |    43 ||   195
Throw: Boomerang         |     7 |       |       ||     7
  Use: Scroll            |     6 |     4 |     2 ||    12
       Potion            |       |     3 |     1 ||     4
Armor: Leather armour    |     9 |    13 |       ||    22
       Ring mail         |       |    11 |    10 ||    21
Dodge: Dodged            |    29 |    90 |    36 ||   155

Table legend:
 A = Non-vault XP
 B = Vault XP
 C = Vault XP percentage of total XP
 D = Non-vault monster count
 E = Vault monster count
 F = Vault count percentage of total count
                 A         B        C        D         E       F
            +---------+---------+-------+---------+---------+-------
      Total |     776 |     244 |  23.9 |      76 |      10 |  11.6
            +---------+---------+-------+---------+---------+-------
        D:1 |      28 |       0 |   0.0 |      15 |       0 |   0.0
        D:2 |     161 |       0 |   0.0 |      21 |       0 |   0.0
        D:3 |     152 |      35 |  18.7 |      23 |       1 |   4.2
        D:4 |      57 |       0 |   0.0 |      12 |       0 |   0.0
        D:5 |     378 |     209 |  35.6 |       5 |       9 |  64.3
            +---------+---------+-------+---------+---------+-------
